 Dungeon Crawl Stone Soup version 0.32-a0-350-g4f4d228785 (webtiles) character file.

Game seed: 5814306518421146100

2786 jestert79 the Grappler (level 9, -8/84 HPs)
             Began as a Troll Necromancer on Feb 17, 2024.
             Was a Priest of Ru.
             Killed from afar by Maggie (42 damage)
             ... with a bolt of fire
             ... on level 6 of the Dungeon.
             The game lasted 00:12:23 (4212 turns).

jestert79 the Grappler (Troll Necromancer)          Turns: 4212, Time: 00:12:23

Health: -8/84      AC:  3    Str: 20    XL:     9   Next: 43%
Magic:  9/9        EV: 11    Int: 11    God:    Ru [***...]
Gold:   260        SH:  5    Dex: 12    Spells: 9/10 levels left

rFire   x .          .
                       - Unarmed
rCold   x . .        (no shield)
rNeg    + . .        h - +2 robe
rPois   .            (helmet restricted)
rElec   .            k - +0 cloak
rCorr   .            (gloves unavailable)
SInv    .            (boots unavailable)
Will    .....        c - amulet of reflection
Stlth   ++           w - ring of positive energy
HPRegen 1.14/turn    (no ring)
MPRegen 0.11/turn

%: reflection
@: corroded, mesmerised
A: large, unfitting armour, claws 3, regeneration 1, shaggy fur 1, tough skin 1,
no ice magic, no necromancy magic, no alchemy magic, temperature sensitive
a: Renounce Religion, Draw Out Power


You were on level 6 of the Dungeon.
You worshipped Ru.
Ru was most pleased with you.
You visited 1 branch of the dungeon, and saw 6 of its levels.

You collected 260 gold pieces.

Inventory:

Missiles
 e - 2 poisoned darts
Armour
 h - a +2 robe (worn)
 k - a +0 cloak (worn)
Jewellery
 c - an amulet of reflection (around neck)
 r - an amulet of regeneration
 w - a ring of positive energy (left claw)
Talismans
 t - a maw talisman
Scrolls
 a - 2 scrolls of poison {unknown}
 d - 4 scrolls of teleportation {unknown}
 f - a scroll of noise {unknown}
 l - 8 scrolls of identify {unknown}
 n - a scroll of amnesia {unknown}
 q - 3 scrolls of enchant weapon {unknown}
 s - a scroll of enchant armour {unknown}
 u - a scroll of fog {unknown}
 v - a scroll of blinking {unknown}
 y - a scroll of fear {unknown}
Potions
 b - 2 potions of magic
 g - 6 potions of curing {unknown}
 i - 2 potions of haste {unknown}
 j - a potion of resistance {unknown}
 m - 2 potions of brilliance {unknown}
 o - 2 potions of enlightenment {unknown}
 p - 2 potions of attraction {unknown}
 x - a potion of invisibility {unknown}
 z - a potion of ambrosia {unknown}


   Skills:
 + Level 4.1 Fighting
 + Level 4.4 Dodging
 - Level 1.0 Stealth
 + Level 10.7 Unarmed Combat
 - Level 1.2 Spellcasting


You had 9 spell levels left.
You knew the following spells:

 Your Spells              Type           Power      Damage    Failure   Level
a - Necrotise             Necr           0%         1d4       32%         1

Your spell library contained the following spells:

 Spells                   Type           Power      Damage    Failure   Level
 Blink                    Tloc           0%         N/A       43%         2
 Call Imp                 Summ           0%         N/A       43%         2
 Lesser Beckoning         Tloc           0%         N/A       43%         2
 Momentum Strike          Conj/Tloc      0%         3d8       43%         2
 Summon Mana Viper        Hex/Summ       0%         N/A       100%        5
 Monstrous Menagerie      Summ           0%         N/A       100%        7
 Summon Hydra             Summ           0%         N/A       100%        7
 Freeze                   Ice            Unusable   1d3       N/A         1
 Sublimation of Blood     Necr           Unusable   N/A       N/A         2
 Frozen Ramparts          Ice            Unusable   1d1       N/A         3
 Hailstorm                Conj/Ice       Unusable   3d5       N/A         3
 Summon Ice Beast         Ice/Summ       Unusable   N/A       N/A         3
 Vampiric Draining        Necr           Unusable   2d6       N/A         3
 Animate Dead             Necr           Unusable   N/A       N/A         4
 Curse of Agony           Necr           Unusable   N/A       N/A         5

Dungeon Overview and Level Annotations

Branches:
Dungeon (6/15)
 Temple: D:4-7

Altars:
Ashenzari
Dithmenos
Okawaru
Ru

Annotations:
D:6 Maggie


Innate Abilities, Weirdness & Mutations

You are too large for most types of armour.
You have claws for hands.
Your natural rate of healing is unusually fast.
You are covered in fur. (AC +1)
You have tough skin. (AC +1)
You cannot study or cast Ice magic.
You cannot study or cast Necromancy magic.
You cannot study or cast Alchemy magic.
You are sensitive to extremes of temperature. (rF-, rC-)


Message History

You start resting.
You feel sick. x5
You are no longer poisoned.
You start resting.
HP restored.
Found a broken altar of Ashenzari.
q - 3 scrolls labelled KEATUONUFUM (gained 1)
Found a shadowy altar of Dithmenos and an iron altar of Okawaru.
Found a stone staircase leading up.
You pick up a book of Beasts and begin reading...
You add the spells Summon Mana Viper and Monstrous Menagerie to your library.
There is an iron altar of Okawaru here.
Maggie the Vainglorious comes into view.
She is wielding a +1 heavy long sword and carrying a wand of acid.
Maggie is nearby!
Maggie is nearby!
Maggie is nearby!
There is a broken altar of Ashenzari here.
There is a broken altar of Ashenzari here.
Okay, then.
Unknown command.
Maggie shouts!
Maggie begins to cast a spell, but is stunned by your conviction!
Maggie zaps a wand.
The bolt of acid hits you! The acid corrodes you! Maggie casts a spell at you.
The bolt of fire hits you!!! The fire burns you terribly!
Maggie mumbles some strange words.
Maggie attempts to bespell you!
You are mesmerised by Maggie!
You scratch Maggie. You claw Maggie, but do no damage.
Maggie is lightly wounded.
Maggie hits you with a +1 heavy long sword!
You focus your inner power and blind Maggie in retribution!
You claw Maggie!
Maggie is moderately wounded.
You scratch Maggie.
Maggie is moderately wounded.
Maggie points at you and mumbles some strange words.
The bolt of fire hits you!!! The fire burns you terribly!
Ouch! That really hurt!
You die...
Ru respects your ultimate sacrifice.

#.##....##...###...#
#.##.#..##.#.......#
#.##.#..##...###...#
#.......###.#####.###
####.#### #.###.P..P##
######.######.##...⌠..P.
#.......##.....#.......#
#.##....##.....##_._._#.
#.##@##.........#P##.
... #@##....<######..#
..## #.##.....# ##.# #..
..######## #.# ## ###
#.# #.# #.# #.# #.#


You could see Maggie (mesmerising, blind, unable to see you).

Vanquished Creatures
  Sigmund (D:2)
  6 yaks
  A black bear (D:6)
  4 ice beasts
  An ogre (D:5)
  2 phantoms (D:5)
  A kobold brigand (D:6)
  2 scorpions (D:6)
  3 bombardier beetles
  A hound (D:5)
  4 jellies
  2 orc priests
  3 iguanas
  Robin (D:3)
  7 adders
  4 gnolls (D:2)
  A white imp (D:5)
  4 ufetubi (D:5)
  5 dart slugs
  3 ribbon worms
  18 orcs
  7 ball pythons
  4 bats
  11 endoplasms
  5 giant cockroaches
  16 hobgoblins
  11 kobolds
  3 quokkas
  A frilled lizard (D:3)
  8 goblins
  4 rats
144 creatures vanquished.

Vanquished Creatures (others)
  A yak (D:5)
  An orc wizard (D:4)
  A kobold (D:6)
3 creatures vanquished.

Grand Total: 147 creatures vanquished

Notes
Turn   | Place    | Note
-------+----------+-------------------------------------------
     0 | D:1      | jestert79 the Troll Necromancer began the quest for the
                  | Orb.
     0 | D:1      | Reached XP level 1. HP: 16/16 MP: 1/1
    19 | D:1      | Reached skill level 1 in Unarmed Combat
    43 | D:1      | Found a faded altar of an unknown god.
    52 | D:1      | Prayed at the altar of an unknown god.
    52 | D:1      | Became a worshipper of Ru the Awakened
    66 | D:1      | Gained mutation: You are sensitive to extremes of
                  | temperature. (rF-, rC-) [Ru sacrifice]
    66 | D:1      | Reached * piety under Ru
    66 | D:1      | Reached ** piety under Ru
    95 | D:1      | Reached XP level 2. HP: 24/24 MP: 2/2
   122 | D:1      | Reached skill level 2 in Unarmed Combat
   267 | D:1      | Reached XP level 3. HP: 31/31 MP: 3/3
   382 | D:1      | Reached skill level 3 in Unarmed Combat
   693 | D:2      | Reached XP level 4. HP: 39/39 MP: 4/4
   846 | D:2      | Noticed Sigmund
   853 | D:2      | Killed Sigmund
   854 | D:2      | Reached skill level 5 in Unarmed Combat
   854 | D:2      | Reached XP level 5. HP: 20/45 MP: 5/5
  1006 | D:2      | Reached XP level 6. HP: 31/53 MP: 6/6
  1013 | D:2      | Reached skill level 6 in Unarmed Combat
  1604 | D:3      | Noticed Robin
  1909 | D:3      | Killed Robin
  2061 | D:4      | Noticed an ice beast
  2147 | D:4      | Killed an ice beast
  2148 | D:4      | Reached skill level 7 in Unarmed Combat
  2148 | D:4      | Reached XP level 7. HP: 10/59 MP: 7/7
  2461 | D:4      | Reached skill level 8 in Unarmed Combat
  2634 | D:4      | Gained mutation: You cannot study or cast Ice magic. [Ru
                  | sacrifice]
  2634 | D:4      | Gained mutation: You cannot study or cast Alchemy magic.
                  | [Ru sacrifice]
  2634 | D:4      | Gained mutation: You cannot study or cast Necromancy magic.
                  | [Ru sacrifice]
  2634 | D:4      | Reached *** piety under Ru
  2906 | D:5      | Entered Level 5 of the Dungeon
  2977 | D:5      | Reached skill level 9 in Unarmed Combat
  3069 | D:5      | Reached XP level 8. HP: 67/67 MP: 8/8
  3283 | D:5      | Reached skill level 1 in Fighting
  3294 | D:5      | Reached skill level 10 in Unarmed Combat
  3714 | D:6      | Reached XP level 9. HP: 81/81 MP: 9/9
  4092 | D:6      | Found a broken altar of Ashenzari.
  4098 | D:6      | Found a shadowy altar of Dithmenos.
  4098 | D:6      | Found an iron altar of Okawaru.
  4143 | D:6      | Noticed Maggie
  4212 | D:6      | Killed from afar by Maggie

Illustrated notes

Levels and vault maps discovered:
D:1:      dpeg_arrival_ternary, layout_loops_ring,
          ebering_ecumenical_altar_abandoned
D:2:      layout_loops_cross, uniq_sigmund
D:3:      layout_basic, uniq_robin
D:4:      layout_loops_ring, kennysheep_potato
D:5:      layout_loops_ring
D:6:      layout_loops_cross, gammafunk_temple_overflow_forgotten, uniq_maggie

Skill      XL: |  1  2  3  4  5  6  7  8  9 |
---------------+----------------------------+-----
Unarmed Combat | 1 2 3 5 7 9 10 | 10.7
Necromancy     | 0 |  0.0
Dodging        | 3 4 |  4.4
Fighting       | 3 4 |  4.1
Stealth        | |  1.0
Spellcasting   | |  1.2

Action                     |  1- 3 |  4- 6 |  7- 9 || total
---------------------------+-------+-------+-------++-------
  Melee: Unarmed           |    59 |   147 |   192 ||   398
         Punch             |     1 |     7 |     9 ||    17
 Invoke: Sacrifice Resista |     1 |       |       ||     1
         Sacrifice Arcana  |       |       |     1 ||     1
   Stab: Sleeping          |     4 |     2 |     2 ||     8
         Invisible         |       |       |     1 ||     1
 Armour: Robe              |    23 |    64 |    84 ||   171
  Dodge: Dodged            |    16 |    38 |    50 ||   104
  Block: Other             |    10 |    13 |    27 ||    50

Table legend: (Time is in decaauts)
 A = Elapsed time spent in this place.
 B = Non-inter-level travel time spent in this place.
 C = Inter-level travel time spent in this place.
 D = Time resting spent in this place.
 E = Time spent auto-exploring this place.
 F = Levels seen in this place.
 G = Mean time per level.
                   A        B        C        D        E       F      G
               +--------+--------+--------+--------+--------+-----+--------+
         Total |   4158 |   3963 |    195 |    136 |   2617 |   6 |  693.0 |
       Dungeon |   4158 |   3963 |    195 |    136 |   2617 |   6 |  693.0 |
               +--------+--------+--------+--------+--------+-----+--------+

Top non-repeatable levels by time:
     D:2: 791 daAuts
     D:4: 775 daAuts
     D:1: 675 daAuts
     D:5: 640 daAuts
     D:3: 639 daAuts
     D:6: 636 daAuts
